 Dungeon Crawl Stone Soup version 0.21.1-1-g345015f (webtiles) character file.

39 crumpet the Firebug (level 3, -2/21 HPs)
             Began as a Human Fire Elementalist on July 17, 2018.
             Slain by a bullfrog (4 damage)
             ... on level 2 of the Dungeon.
             The game lasted 00:25:27 (1237 turns).

crumpet the Firebug (Human Fire Elementalist)       Turns: 1237, Time: 00:25:28

Health: -2/21      AC:  3    Str:  8    XL:     3   Next: 70%
Magic:  0/6        EV: 13    Int: 14    God:
Gold:   48         SH:  0    Dex: 15    Spells: 5/6 levels left

rFire    . . .     SeeInvis .   c - +1 dagger
rCold    . . .     Gourm    .   (no shield)
rNeg     . . .     Faith    .   a - +1 robe
rPois    .         Spirit   .   (no helmet)
rElec    .         Reflect  .   (no cloak)
rCorr    .         Harm     .   (no gloves)
MR       +....                  (no boots)
Stlth    +++.......             (no amulet)
HPRegen  0.07/turn              i - ring of stealth
MPRegen  0.10/turn              (no ring)

@: very slightly contaminated
A: agile 1, dopey 1, frail 1, magic resistance 1
a: no special abilities


You were on level 2 of the Dungeon.
You were full.

You visited 1 branch of the dungeon, and saw 2 of its levels.

You collected 48 gold pieces.

Inventory:

Hand Weapons
 c - a +1 dagger (weapon)
 e - a cursed -1 short sword
 g - a +0 dagger
 h - a +0 hunting sling
 k - a +0 spear
 l - a +0 short sword
Missiles
 f - 39 stones (quivered)
Armour
 a - a +1 robe (worn)
Jewellery
 i - a ring of stealth (left hand)
Potions
 j - a potion of agility
Books
 b - a book of Flames

   Spells                             Type                      Level
   a - Flame Tongue                   Conjuration/Fire             1
   b - Throw Flame                    Conjuration/Fire             2
   c - Conjure Flame                  Conjuration/Fire             3
   d - Inner Flame                    Hexes/Fire                   3
   e - Sticky Flame                   Conjuration/Fire             4
   f - Fireball                       Conjuration/Fire             5


   Skills:
 + Level 0.2 Fighting
 + Level 0.4 Short Blades
 + Level 2.2 Dodging
 + Level 2.2 Stealth
 + Level 0.6 Unarmed Combat
 + Level 2.0 Spellcasting
 + Level 1.1 Conjurations
 + Level 3.7 Fire Magic


You had 5 spell levels left.
You knew the following spells:

 Your Spells              Type           Power        Failure   Level  Hunger
a - Flame Tongue          Conj/Fire      #....        9%          1    ##.....


Dungeon Overview and Level Annotations

Branches:
Dungeon (2/15)

Altars:


Innate Abilities, Weirdness & Mutations

You are agile. (Dex +2)
You are dopey. (Int -2)
You are frail. (-10% HP)
You are resistant to hostile enchantments. (MR+)


Message History

Confirm with . or Enter, or press ? or * to list all spells.
Aiming: Flame Tongue
Press: ? - help, Shift-Dir - straight line, f/p - bullfrog
Aim: a bullfrog (almost dead)
You miscast Flame Tongue.
You are very lightly contaminated with residual magic.
Your skin glows momentarily.
The bullfrog barely misses you.
Casting: Flame Tongue
Confirm with . or Enter, or press ? or * to list all spells.
You don't have enough magic to cast that spell.
Unknown command.
You barely miss the bullfrog.
The bullfrog is almost dead.
The bullfrog completely misses you. The bullfrog hits you!
* * * LOW HITPOINT WARNING * * *
You closely miss the bullfrog.
The bullfrog is almost dead.
The bullfrog closely misses you.
You eat the ration.
That ration really hit the spot!
The bullfrog hits you.
You die...

##..## #...# S# #....## ##..#
.# ##....###..<# ##.##
##.#.##....### #...#
####...#.......# #.$.#
...............# #..S#
...>...#..#.##.# #####...#####
.......#..#.##.###...........#
..........#.....@FS...........
.......#.#..##.###...........#
.......#.......# #####...#####
######......#### #...#
#####.## #...# #.# #...# #.#
#...# ##########.# ###.
#..........#


You could see a bullfrog and an adder.

Vanquished Creatures
  A gnoll (D:1)
  A dart slug (D:1)
  A leopard gecko (D:1)
  7 bats
  2 giant cockroaches
  A hobgoblin (D:1)
  7 kobolds
  2 frilled lizards (D:1)
  2 goblins (D:1)
  3 rats (D:1)
  3 fungi (D:2)
30 creatures vanquished.

Notes
Turn   | Place    | Note
-------+----------+-------------------------------------------
     0 | D:1      | crumpet the Human Fire Elementalist began the quest for the Orb.
     0 | D:1      | Reached XP level 1. HP: 13/13 MP: 3/3
   163 | D:1      | Reached XP level 2. HP: 5/19 MP: 1/5
   380 | D:1      | Gained mutation: You are dopey. (Int -2) [potion of mutation]
   380 | D:1      | Gained mutation: You are frail. (-10% HP) [potion of mutation]
   380 | D:1      | Gained mutation: You are agile. (Dex +2) [potion of mutation]
   380 | D:1      | Gained mutation: You are resistant to hostile enchantments. (MR+) [potion of mutation]
   630 | D:1      | Reached XP level 3. HP: 21/21 MP: 6/6
  1216 | D:2      | Noticed a bullfrog
  1235 | D:2      | HP: 1/21 [bullfrog (9)]
  1237 | D:2      | Slain by a bullfrog

Action                   || total
-------------------------++-------
Melee: Unarmed           ||    33
       Dagger            ||   123
       Punch             ||     1
 Cast: Flame Tongue      ||    40
  Use: Scroll            ||     4
       Potion            ||     5
 Stab: Sleeping          ||     2
  Eat: Ration            ||     2
Armor: Robe              ||    44
Dodge: Dodged            ||    92
